AoeStats
← 545434

Arabia

509533917Analyzed
1v1 RM · 4d ago on Sep 27, 2026· 63m 7s· 2 players
Game mode
Random Map
Map size
Tiny (2 player)
Population
200
Speed
Normal
Resources
Standard
Victory
Conquest
Starting age
Dark Age
Ending age
Imperial Age
RankedLock teamsTeams togetherTeam positionsShared explorationLock speedFull tech treeHidden civsTurbo modeCheats
Victory
Defeat
🇲🇽 Mongols · Mexico
1021
+14
🇨🇦 Spanish · Canada
988
-14
545434
11:46 Feudal Age
10:11 Loom
12:12 Feudal Age
18:11 Castle Age
17:05 Stone Mining
18:39 Horse Collar
21:32 Pikeman
22:20 Squires
28:07 Fervor
31:55 Double-Bit Axe
38:47 Imperial Age
37:03 Wheelbarrow
37:17 Gold Mining
37:29 Town Watch
38:09 Redemption
38:35 Bow Saw
38:48 Heavy Plow
39:06 Hand Cart
39:19 Sanctity
39:02 Elite Skirmisher
40:05 Conscription
40:06 Capped Ram
41:05 Block Printing
41:29 Theocracy
41:35 Illumination
42:19 Inquisition
43:14 Halberdier
48:22 Elite Conquistador
JLTijs07
7:38 Loom
9:59 Feudal Age
19:10 Castle Age
20:21 Double-Bit Axe
24:44 Horse Collar
30:30 Fletching
31:10 Bodkin Arrow
32:33 Ballistics
33:03 Wheelbarrow
33:30 Bow Saw
35:18 Padded Archer Armor
35:41 Hand Cart
40:18 Imperial Age
38:09 Leather Archer Armor
38:04 Forging
42:15 Bracer
43:22 Chemistry
42:47 Light Cavalry
43:38 Bloodlines
46:34 Elite Mangudai
47:42 Husbandry
48:27 Conscription
49:50 Heavy Plow
50:15 Hussar
52:33 Iron Casting
51:58 Scale Mail Armor
52:04 Scale Barding Armor
52:28 Loom
55:29 Blast Furnace
57:38 Chain Mail Armor
57:43 Chain Barding Armor
61:02 Spies/Treason
Connection lost

Rejoining the realm…

Still unreachable

The connection could not be restored.

Session expired

The server has moved on; the page needs a fresh start.